 Dungeon Crawl Stone Soup version 0.30-a0-149-g7f746667c4 (webtiles) character file.

Game seed: 13617621045867254691

73 Iusername the Trooper (level 4, -2/41 HPs)
             Began as a Minotaur Fighter on Sept 26, 2022.
             Slain by Sigmund
             ... wielding a +0 scythe
              (5 damage)
             ... on level 2 of the Dungeon.
             The game lasted 00:01:34 (1002 turns).

Iusername the Trooper (Minotaur Fighter)            Turns: 1002, Time: 00:01:35

Health: -2/41      AC:  3    Str: 23    XL:     4   Next: 8%
Magic:  3/3        EV:  9    Int:  5    God:
Gold:   54         SH:  4    Dex:  9    Spells: 3/3 levels left

rFire   . . .      SeeInvis .    a - +0 trident
rCold   . . .      Faith    .    c - +0 buckler
rNeg    . . .      Spirit   .    b - +0 scale mail
rPois   +          Reflect  .    (helmet restricted)
rElec   .          Harm     .    (no cloak)
rCorr   .          Rampage  .    (no gloves)
Will    +....                    (no boots)
Stlth   ..........               (no amulet)
HPRegen 0.13/turn                l - ring "Cawil" {*Corrode +Blink Fly rPois Will+}
MPRegen 0.08/turn                (no ring)

@: corroded, flying
A: horns 2, retaliatory headbutt
a: Evoke Blink


You were on level 2 of the Dungeon.
You visited 1 branch of the dungeon, and saw 2 of its levels.

You collected 54 gold pieces.

Inventory:

Hand Weapons
 a - a +0 trident (weapon)
Armour
 b - a +0 scale mail (worn)
 c - a +0 buckler (worn)
Jewellery
 l - the ring "Cawil" (left hand) {*Corrode +Blink Fly rPois Will+}
   (You found it on level 2 of the Dungeon)

   [ring of willpower]

   rPois:     It protects you from poison.
   Fly:       It grants you flight.
   +Blink:    It lets you blink.
   *Corrode:  It may corrode you when you take damage.
   Will:      It increases your willpower.
Scrolls
 f - 3 scrolls of identify {unknown}
 h - a scroll of butterflies {unknown}
 j - a scroll of silence {unknown}
Potions
 d - a potion of might
 g - a potion of ambrosia {unknown}
 i - a potion of magic {unknown}
 k - a potion of brilliance {unknown}


   Skills:
 + Level 4.4 Fighting
 + Level 3.2 Polearms
 + Level 4.3 Armour
 + Level 0.3 Dodging
 + Level 0.4 Stealth
 + Level 4.0 Shields


You had 3 spell levels left.
You didn't know any spells.
Your spell library contained the following spells:

 Spells                   Type           Power      Damage    Failure   Level
 Ignite Poison            Fire/Tmut/Pois 0%         N/A       99%         3
 Sticky Flame             Conj/Fire      0%         2d3       100%        4


Dungeon Overview and Level Annotations

Branches:
Dungeon (2/15)

Altars:

Annotations:
D:2 Sigmund


Innate Abilities, Weirdness & Mutations

You have a pair of horns on your head.
You reflexively headbutt those who attack you in melee.


Message History

You reach to attack!
You closely miss the frilled lizard. Something hits you!
You are too injured to fight recklessly!
You are too injured to fight recklessly!
You are too injured to fight recklessly!
You are too injured to fight recklessly!
You are too injured to fight recklessly!
You are too injured to fight recklessly!
You are too injured to fight recklessly!
You are too injured to fight recklessly!
You are too injured to fight recklessly!
You are too injured to fight recklessly!
You are too injured to fight recklessly!
You are too injured to fight recklessly!
You miss the frilled lizard.
Your headbutt misses the frilled lizard.
The frilled lizard barely misses you. Something hits you.
Your corrosive artefact corrodes you!
The frilled lizard closely misses you.
You miss the frilled lizard.
A quokka comes into view.
Something hits you!
* * * LOW HITPOINT WARNING * * *
The frilled lizard completely misses you.
You hit the frilled lizard.
You kill the frilled lizard!
A magic dart appears from out of thin air!
The magic dart hits you!
* * * LOW HITPOINT WARNING * * *
It was a potion of curing.
You feel better. Something hits you.
* * * LOW HITPOINT WARNING * * *
You feel better.
You hear some strange, mumbled words.
Something tries to affect you, but you resist.
Something hits you!
* * * LOW HITPOINT WARNING * * *
The quokka bites you.
* * * LOW HITPOINT WARNING * * *
Found an escape hatch in the ceiling.
The quokka bites you but does no damage.
Something hits you.
You die...

#..#...†....# ..^....
###.........# ........
......<.....####........
................#.......
.............?..........
........................
......###...............
.....<# #.##..†.r......<
......# #.#.....@{...<..
..##.......††)...?......
.###.####.#.............
.. ... .............[...
. #...?........#.###....
.............#... ....
.......##.......... ...
.. ........... #.


You could see a quokka.

Vanquished Creatures
  Jessica (D:2)
  An adder (D:2)
  A dart slug (D:2)
  4 ball pythons (D:1)
  6 bats
  2 endoplasms
  2 giant cockroaches
  3 goblins (D:1)
  A hobgoblin (D:1)
  3 jackals (D:2)
  2 frilled lizards
  3 kobolds (D:1)
  4 rats
33 creatures vanquished.

Notes
Turn   | Place    | Note
-------+----------+-------------------------------------------
     0 | D:1      | Iusername the Minotaur Fighter began the quest for the Orb.
     0 | D:1      | Reached XP level 1. HP: 19/19 MP: 0/0
   145 | D:1      | Reached XP level 2. HP: 25/27 MP: 1/1
   289 | D:1      | Found a faded altar of an unknown god.
   918 | D:2      | Identified the ring "Cawil" {*Corrode +Blink Fly rPois
                  | Will+}
   929 | D:2      | Noticed Jessica
   933 | D:2      | Reached XP level 3. HP: 33/33 MP: 2/2
   938 | D:2      | Killed Jessica
   944 | D:2      | Reached XP level 4. HP: 25/41 MP: 3/3
   989 | D:2      | Noticed Sigmund
   997 | D:2      | HP: 1/41 [something/magic dart (7)]
  1002 | D:2      | Slain by Sigmund

Illustrated notes

Levels and vault maps discovered:
D:1:      dpeg_arrival_boxorama, layout_loops_corners,
          ebering_ecumenical_altar_box
D:2:      layout_rooms, uniq_natasha, uniq_sigmund, uniq_jessica

Skill      XL: |  1  2  3 |
---------------+----------+-----
Fighting       | 4 |  4.4
Armour         | 4 |  4.3
Polearms       | 3 |  3.2
Shields        | 4 |  4.0
Dodging        | |  0.3
Stealth        | |  0.4

Action                   |  1- 3 |  4- 6 || total
-------------------------+-------+-------++-------
Melee: Trident           |    73 |     8 ||    81
       Headbutt          |     7 |       ||     7
  Use: Potion            |       |     2 ||     2
Armor: Scale mail        |    40 |     3 ||    43
Dodge: Dodged            |    32 |     3 ||    35
Block: Buckler           |    20 |     1 ||    21

Table legend: (Time is in decaauts)
 A = Elapsed time spent in this place.
 B = Non-inter-level travel time spent in this place.
 C = Inter-level travel time spent in this place.
 D = Time resting spent in this place.
 E = Time spent auto-exploring this place.
 F = Levels seen in this place.
 G = Mean time per level.
                   A        B        C        D        E       F      G
               +--------+--------+--------+--------+--------+-----+--------+
         Total |   1016 |    957 |     59 |      0 |    765 |   2 |  508.0 |
       Dungeon |   1016 |    957 |     59 |      0 |    765 |   2 |  508.0 |
               +--------+--------+--------+--------+--------+-----+--------+

Top non-repeatable levels by time:
     D:1: 907 daAuts
     D:2: 109 daAuts
